Map: Apotheosis LE

Players

Stone - Winner!

  • Race: Terran Terran
  • League: Master

Stalker

  • Race: Protoss Protoss
  • League: Diamond

VOD

Have the link to the VOD?

Description

Time

  • Played on: Sept. 13, 2016, 9:45 p.m.
  • Length: 3:52
Show
View Real Time Build Order
Export as new Build Order

Stone Terran - Winner!

Build Orders:  

Get SALT Encoding   

  12  0:01  SCV  
  13  0:13  SCV  
  14  0:17  Supply Depot  
  14  0:26  SCV  
  15  0:39  SCV  
  16  0:46  Barracks  
  16  0:51  SCV  
  17  1:01  Barracks  
  18  1:04  SCV  
  18  1:15  Barracks  
  18  1:20  SCV  
  19  1:26  Supply Depot  
  19  1:36  Marine  
  20  1:42  Barracks  
  20  1:48  Marine  
  20  1:49  SCV  
  22  1:56  Marine  
  23  2:01  SCV  
  23  2:02  Marine  
  23  2:08  Marine  
  26  2:14  Marine  
  27  2:18  SCV  
  27  2:20  Marine  
  29  2:26  Marine  
  29  2:29  Marine  
  31  2:30  Supply Depot  
  31  2:33  Bunker  
  31  2:46  Marine  
  31  2:51  Marine x3  
  31  2:57  SCV  
  33  3:03  Marine  
  32  3:09  Marine x3  
  32  3:12  Bunker  
  35  3:21  Marine  
  35  3:27  Marine  
  36  3:28  Marine x2  
  39  3:38  Supply Depot  
Show
View Real Time Build Order
Export as new Build Order

Stalker Protoss 

Build Orders: 1 Gate Expand 

Get SALT Encoding   

  12  0:01  Probe (Chrono Boost)  
  13  0:11  Probe (Chrono Boost)  
  14  0:18  Pylon  
  14  0:22  Probe (Chrono Boost)  
  15  0:36  Probe (Chrono Boost)  
  15  0:38  Gateway  
  16  0:47  Probe (Chrono Boost)  
  16  0:48  Assimilator  
  17  0:58  Probe (Chrono Boost)  
  18  1:08  Probe (Chrono Boost)  
  19  1:21  Nexus  
  19  1:33  Cybernetics Core  
  19  1:34  Probe (Chrono Boost)  
  20  1:40  Assimilator  
  20  1:49  Pylon  
  20  1:52  Probe (Chrono Boost)  
  21  2:03  Probe (Chrono Boost)  
  22  2:08  Stalker  
  22  2:14  Mothership Core (Chrono Boost)  
  26  2:32  Probe (Chrono Boost)  
  27  2:37  Pylon  
  27  2:38  Stalker  
  27  2:41  Pylon  
  26  3:08  Stalker  
  26  3:10  Gateway  
  28  3:17  Mothership Core (Chrono Boost)  
  29  3:20  Probe (Chrono Boost)  
Tags
 
Add a new tag
Caveats
  • Supply blocks, unpowered buildings, or Contaminate may cause inaccurate times.
  • Supply counts are checked every 10 seconds.